 Dungeon Crawl Stone Soup version 0.22-a0-448-g1fb7470 (webtiles) character file.

121 galech the Skirmisher (level 5, -1/55 HPs)
             Began as an Ogre Berserker on June 4, 2018.
             Was a Believer of Trog.
             Slain by a goblin (4 damage)
             ... on level 3 of the Dungeon.
             The game lasted 00:02:24 (1764 turns).

galech the Skirmisher (Ogre Berserker)              Turns: 1764, Time: 00:02:24

Health: -1/55      AC:  3    Str: 22    XL:     5   Next: 5%
Magic:  5/5        EV: 10    Int:  8    God:    Trog [**....]
Gold:   207        SH:  0    Dex:  8    Spells: 4/4 levels left

rFire    . . .     SeeInvis .   a - +0 mace
rCold    . . .     Gourm    .   (no shield)
rNeg     . . .     Faith    .   b - +0 animal skin
rPois    .         Spirit   .   (helmet restricted)
rElec    .         Reflect  .   (no cloak)
rCorr    .         Harm     .   (gloves unavailable)
MR       ++...                  (boots unavailable)
Stlth    +.........             (no amulet)
HPRegen  1.18/turn              (no ring)
MPRegen  0.09/turn              (no ring)

@: berserk cooldown, regenerating, slowed, very slow
A: large, unfitting armour, tough skin 1
a: Berserk, Trog's Hand, Renounce Religion


You were on level 3 of the Dungeon.
You worshipped Trog.
Trog was pleased with you.
You were not hungry.

You visited 1 branch of the dungeon, and saw 3 of its levels.

You collected 207 gold pieces.

Inventory:

Hand Weapons
 a - a +0 mace (weapon)
Armour
 b - a +0 animal skin (worn)
Scrolls
 d - 2 scrolls of fog {unknown}
 e - 3 scrolls of identify {unknown}
 g - 2 scrolls of teleportation {unknown}
 j - 2 scrolls of enchant weapon {unknown}
 k - a scroll of remove curse {unknown}
 m - a scroll of fear {unknown}
 n - a scroll of amnesia {unknown}
 o - 2 scrolls of immolation {unknown}
Potions
 f - a potion of heal wounds {unknown}
 h - a potion of magic {unknown}
 i - a potion of curing {unknown}
 l - 2 potions of brilliance {unknown}
Comestibles
 c - 6 rations
 p - 3 chunks of flesh


   Skills:
 + Level 4.9 Fighting
 + Level 4.0 Maces & Flails
 + Level 3.5 Dodging


You had 4 spell levels left.
You didn't know any spells.
Your spell library was empty.

Dungeon Overview and Level Annotations

Branches:
Dungeon (3/15)

Altars:
Okawaru


Innate Abilities, Weirdness & Mutations

You are too large for most types of armour.
You have tough skin. (AC +1)


Message History

* * * LOW HITPOINT WARNING * * *
The kobold barely misses you. The goblin barely misses you.
The goblin hits you with a club.
* * * LOW HITPOINT WARNING * * *
The goblin hits you but does no damage. x2
The kobold misses you. The goblin hits you but does no damage.
The kobold hits you with a hand axe.
* * * LOW HITPOINT WARNING * * *
The goblin barely misses you. The kobold hits you but does no damage.
The goblin hits you.
* * * LOW HITPOINT WARNING * * *
A bat comes into view.
The goblin hits you but does no damage. The bat hits you but does no damage.
The bat barely misses you.
Your skin crawls.
You feel resistant to hostile enchantments.
You feel somewhat more hungry. The bat hits you but does no damage. x2
The goblin closely misses you. The goblin hits you.
You die...

......... ... ........#
.. ........' ..
........# #. ......$.#
#.## ........# ..#.#
#.....# #b#.# #....%#
#@#.# #.....######g#.#
#..........gK..#
###.........#..#
#.........#..#
#.'.........'..#
#.#.........#..########
#.#.........#.........#
# ###########.........#


You could see 2 goblins, a bat and a kobold.

Vanquished Creatures
  Natasha (D:3)
  A worker ant (D:3)
  A gnoll (D:1)
  2 adders
  3 worms
  3 leopard geckos
  A ball python (D:3)
  6 bats
  2 giant cockroaches
  4 goblins
  3 hobgoblins
  2 quokkas
  A frilled lizard (D:2)
  2 kobolds
  7 rats
  2 fungi (D:2)
41 creatures vanquished.

Notes
Turn   | Place    | Note
-------+----------+-------------------------------------------
     0 | D:1      | galech the Ogre Berserker began the quest for the Orb.
     0 | D:1      | Reached XP level 1. HP: 24/24 MP: 1/1
    97 | D:1      | Reached XP level 2. HP: 30/33 MP: 2/2
   352 | D:1      | Reached XP level 3. HP: 34/40 MP: 3/3
   528 | D:2      | Found an iron altar of Okawaru.
  1322 | D:3      | Noticed Natasha
  1326 | D:3      | Reached XP level 4. HP: 48/49 MP: 4/4
  1337 | D:3      | Killed Natasha
  1678 | D:3      | Reached ** piety under Trog
  1737 | D:3      | Reached XP level 5. HP: 39/55 MP: 5/5
  1761 | D:3      | HP: 1/55 [goblin (3)]
  1764 | D:3      | Slain by a goblin

Vault maps used:
D:1:      lemuel_arrival_river_ford
D:2:      minmay_gold_behind_fungi, kennysheep_okawaru_gauntlet
D:3:      trog_eyes_of_draining, first_ration, uniq_natasha

Skill      XL: |  1  2  3  4 |
---------------+-------------+-----
Maces & Flails | 3 4 |  4.0
Dodging        | 3 |  3.5
Fighting       | |  4.9

Action                   |  1- 3 |  4- 6 || total
-------------------------+-------+-------++-------
Melee: Mace              |   131 |    41 ||   172
Invok: Berserk           |     1 |     2 ||     3
       Trog's Hand       |       |     1 ||     1
  Eat: Chunk             |     2 |     4 ||     6
Armor: Animal skin       |    29 |    10 ||    39
Dodge: Dodged            |    64 |    34 ||    98

Table legend:
 A = Spawn XP
 B = Non-spawn XP
 C = Spawn XP percentage of total XP
 D = Spawn monster count
 E = Non-spawn monster count
 F = Spawn count percentage of total count
 G = Total turns spent on level
                    A         B        C        D         E        F      G
               +---------+---------+-------+---------+---------+-------+---------
         Total |       0 |     173 |   0.0 |       0 |      39 |   0.0 |  1764
               +---------+---------+-------+---------+---------+-------+---------
           D:1 |       0 |      34 |   0.0 |       0 |      13 |   0.0 |   506
           D:2 |       0 |      44 |   0.0 |       0 |      17 |   0.0 |   760
           D:3 |       0 |      95 |   0.0 |       0 |       9 |   0.0 |   498
               +---------+---------+-------+---------+---------+-------+---------
